 Dungeon Crawl Stone Soup version 0.31.0-11-ge490571c62 (webtiles) character file.

Game seed: 10280533055026606895

341 qw the Ducker (level 6, 0/30 HPs)
             Began as a Spriggan Hunter on Feb 4, 2024.
             Incinerated by a bombardier beetle (2 damage)
             ... with a burning spray
             ... on level 4 of the Dungeon.
             The game lasted 00:00:11 (2687 turns).

qw the Ducker (Spriggan Hunter)                     Turns: 2687, Time: 00:00:12

Health: 0/30       AC:  2    Str:  7    XL:     6   Next: 30%
Magic:  7/7        EV: 21    Int: 11    God:
Gold:   254        SH:  0    Dex: 20    Spells: 5/5 levels left

rFire   . . .        a - +0 shortbow (drain)
rCold   . . .        (shield currently unavailable)
rNeg    . . .        c - +0 robe
rPois   .            (helmet restricted)
rElec   .            (no cloak)
rCorr   .            (gloves unavailable)
SInv    +            (boots unavailable)
Will    +....        h - amulet of faith
Stlth   +            (no ring)
HPRegen 0.25/turn    (no ring)
MPRegen 0.10/turn

%: faith
@: on fire, glowing, very quick
A: very small, no large weapons, unfitting armour, see invisible, speed 3
a: no special abilities


You were on level 4 of the Dungeon.
You visited 1 branch of the dungeon, and saw 4 of its levels.

You collected 254 gold pieces.


Innate Abilities, Weirdness & Mutations

You are very small and have problems with some larger weapons.
You are too small for most types of armour.
You have supernaturally acute eyesight. (SInv)
You cover ground extremely quickly. (Speed+++)


   Skills:
 - Level 2.0 Fighting
 + Level 6.1 Ranged Weapons
 - Level 6.2 Dodging
 - Level 1.5 Stealth


You had 5 spell levels left.
You didn't know any spells.
Your spell library was empty.

Inventory:

Hand Weapons
 a - a +0 shortbow of draining (weapon)
Armour
 c - a +0 robe (worn)
 d - a +0 cloak
Jewellery
 g - a +6 ring of dexterity
 h - an amulet of faith (around neck)
Wands
 f - a wand of flame (21)
 m - a wand of iceblast (9)
Scrolls
 b - 4 scrolls of teleportation
 e - a scroll of poison {unknown}
Potions
 i - a potion of enlightenment
 j - 2 potions of cancellation
 k - a potion of haste

Dungeon Overview and Level Annotations

Branches:
Dungeon (4/15)
 Temple: D:4-7

Altars:


Message History

You drain the bombardier beetle.
The bombardier beetle is severely wounded.
The jackal misses you. x2
You shoot an arrow.
The arrow hits the bombardier beetle but does no damage.
You drain the bombardier beetle.
The bombardier beetle is almost dead.
The jackal closely misses you.
The bombardier beetle sprays incendiary fluid at you.
The burning spray hits you.
You are covered in liquid fire!
You shoot an arrow. The arrow hits the bombardier beetle.
You kill the bombardier beetle!
The liquid fire burns you! The jackal closely misses you. x2
Your Dodging skill increases to level 6!
You shoot an arrow.
The arrow hits the jackal but does no damage.
The liquid fire burns you! The jackal closely misses you.
You shoot an arrow. The arrow hits the jackal!
You kill the jackal!
The liquid fire burns you!
You are on fire!
The liquid fire burns you!
You are on fire!
The liquid fire burns you!
You are on fire!
The liquid fire burns you!
You are on fire!
The liquid fire burns you!
You are on fire!
The liquid fire burns you!
You are on fire!
The liquid fire burns you!
You are on fire!
The liquid fire burns you!
You are on fire!
The liquid fire burns you!
You die...

#.....#...'........
#.....#'###.######. .
###......########## ..
#......#.......#. .'
#......#.......#. #.
#......#.......#. #.
##......#'########
##'#%.........##..###
#..%@.........'......
#..#..........#......
#'##..........##+####
.##+#........####..........
....#........# #..........
...#........'..#..........
#####'#....)...#..#..........
#..........##+##..#........##
+..........#...#..#........'.


There were no monsters in sight!

Vanquished Creatures
  A phantom (D:3)
  A bombardier beetle (D:4)
  An orc priest (D:3)
  An iguana (D:4)
  Natasha (twice) (D:4)
  4 adders
  A dart slug (D:2)
  A ribbon worm (D:2)
  4 orcs
  4 bats
  7 endoplasms
  10 giant cockroaches
  9 goblins
  5 hobgoblins
  10 jackals
  5 quokkas
  7 ball pythons
  4 frilled lizards
  4 kobolds
  6 rats
87 creatures vanquished.

Notes
Turn   | Place    | Note
-------+----------+-------------------------------------------
     0 | D:1      | qw the Spriggan Hunter began the quest for the Orb.
     0 | D:1      | Reached XP level 1. HP: 10/10 MP: 2/2
     0 | D:1      | 0 ||| qw: Version: 0.3-a-160-g6735b56
     0 | D:1      | 0 ||| qw: Game counter: 4726
     0 | D:1      | 0 ||| qw: Melee chars always use a shield: true
     0 | D:1      | 0 ||| qw: God list: Okawaru
     0 | D:1      | 0 ||| qw: Allow faded altars: false
     0 | D:1      | 0 ||| qw: Do Orc after clearing Dungeon:15 true
     0 | D:1      | 0 ||| qw: Do second Lair branch before Depths: true
     0 | D:1      | 0 ||| qw: Lair rune preference: random
     0 | D:1      | 0 ||| qw: Goals: Normal
     0 | D:1      | 0 ||| PLANNING D:1-11
    28 | D:1      | Reached skill level 3 in Dodging
    71 | D:1      | Reached XP level 2. HP: 12/14 MP: 3/3
   451 | D:1      | Reached XP level 3. HP: 18/18 MP: 4/4
   675 | D:1      | 675 ||| READING 2 scrolls labelled XIFFI ITZORE.
   675 | D:1      | 675 ||| IDENTIFYING bubbling puce potion
   676 | D:1      | 676 ||| READING scroll of identify.
   676 | D:1      | 676 ||| IDENTIFYING ruby potion
   677 | D:1      | 677 ||| READING scroll labelled UTIERI RIRAJ.
   678 | D:1      | 678 ||| READING scroll labelled JYHAMO IPHYPOR.
   678 | D:1      | 678 ||| BRANDING +0 shortbow.
   679 | D:1      | 679 ||| READING scroll labelled COISYWNOLI.
   680 | D:1      | 680 ||| DRINKING 2 metallic ruby potions.
   681 | D:1      | 681 ||| DRINKING 3 fuming grey potions.
   682 | D:1      | 682 ||| DROPPING scroll of butterflies.
   683 | D:1      | 683 ||| DROPPING potion of degeneration.
  1225 | D:2      | Reached XP level 4. HP: 23/23 MP: 5/5
  1505 | D:2      | 1505 ||| READING 2 scrolls labelled QIMYIZ VAJIMOO.
  1509 | D:2      | 1509 ||| READING scroll labelled IMISATA UPHUG.
  1610 | D:2      | 1610 ||| READING scroll labelled SONACW PURYO.
  1788 | D:3      | 1788 ||| FLEEEEING.
  1789 | D:3      | 1789 ||| FLEEEEING.
  1790 | D:3      | 1790 ||| FLEEEEING.
  1791 | D:3      | 1791 ||| FLEEEEING.
  1795 | D:3      | 1795 ||| FLEEEEING.
  1796 | D:3      | 1796 ||| FLEEEEING.
  1797 | D:3      | 1797 ||| FLEEEEING.
  1798 | D:3      | 1798 ||| FLEEEEING.
  1799 | D:3      | 1799 ||| FLEEEEING.
  1802 | D:3      | 1802 ||| FLEEEEING.
  1803 | D:3      | 1803 ||| FLEEEEING.
  1804 | D:3      | 1804 ||| FLEEEEING.
  1805 | D:3      | 1805 ||| FLEEEEING.
  1806 | D:3      | 1806 ||| FLEEEEING.
  1807 | D:3      | 1807 ||| FLEEEEING.
  1808 | D:3      | 1808 ||| FLEEEEING.
  1809 | D:3      | 1809 ||| FLEEEEING.
  1814 | D:3      | 1814 ||| FLEEEEING.
  1815 | D:3      | 1815 ||| FLEEEEING.
  1816 | D:3      | 1816 ||| FLEEEEING.
  1817 | D:3      | 1817 ||| FLEEEEING.
  1818 | D:3      | 1818 ||| FLEEEEING.
  1819 | D:3      | 1819 ||| FLEEEEING.
  1820 | D:3      | 1820 ||| FLEEEEING.
  1821 | D:3      | 1821 ||| FLEEEEING.
  1822 | D:3      | 1822 ||| FLEEEEING.
  1823 | D:3      | 1823 ||| FLEEEEING.
  1824 | D:3      | 1824 ||| FLEEEEING.
  1825 | D:3      | 1825 ||| FLEEEEING.
  1831 | D:3      | 1831 ||| FLEEEEING.
  1832 | D:3      | 1832 ||| FLEEEEING.
  1833 | D:3      | 1833 ||| FLEEEEING.
  1835 | D:3      | 1835 ||| FLEEEEING.
  1836 | D:3      | 1836 ||| FLEEEEING.
  1837 | D:3      | 1837 ||| FLEEEEING.
  1838 | D:3      | 1838 ||| FLEEEEING.
  1839 | D:3      | 1839 ||| FLEEEEING.
  1840 | D:3      | 1840 ||| FLEEEEING.
  2003 | D:3      | Noticed a phantom
  2004 | D:3      | 2004 ||| DRINKING 2 potions of haste.
  2016 | D:3      | Killed a phantom
  2017 | D:3      | Reached XP level 5. HP: 17/26 MP: 6/6
  2091 | D:3      | Found a faded altar of an unknown god.
  2169 | D:3      | 2169 ||| UPGRADING to amulet of faith.
  2174 | D:3      | 2174 ||| READING scroll of identify.
  2174 | D:3      | 2174 ||| IDENTIFYING sedimented cyan potion
  2175 | D:3      | 2175 ||| READING scroll labelled ROPTO WEWA.
  2176 | D:3      | 2176 ||| READING scroll labelled XIXAZA JURI.
  2177 | D:3      | 2177 ||| DROPPING potion of lignification.
  2399 | D:4      | Reached skill level 6 in Ranged Weapons
  2496 | D:4      | Noticed Natasha
  2499 | D:4      | Killed Natasha
  2564 | D:4      | Reached XP level 6. HP: 30/30 MP: 7/7
  2654 | D:4      | Noticed Natasha
  2664 | D:4      | Killed Natasha
  2678 | D:4      | Reached skill level 6 in Dodging
  2684 | D:4      | HP: 5/30 [burnt (4)]
  2686 | D:4      | HP: 1/30 [burnt (2)]
  2687 | D:4      | Incinerated by a bombardier beetle

Levels and vault maps discovered:
D:1:      dpeg_arrival_line_fractal, layout_basic
D:2:      layout_basic, minmay_misc_feat_x, chequers_serial_rivers_large_a
D:3:      layout_basic, chequers_ecumenical_altar_simple, dk_noncrumbling_4
D:4:      layout_gridville, uniq_natasha

Skill      XL: |  1  2  3  4  5  6 |
---------------+-------------------+-----
Dodging        | 3 4 5 6 |  6.2
Ranged Weapons | 5 6 |  6.1
Fighting       | 2 |  2.0
Stealth        | |  1.5

Action                     |  1- 3 |  4- 6 || total
---------------------------+-------+-------++-------
   Fire: Shortbow          |   116 |    97 ||   213
    Use: Scroll            |     5 |     6 ||    11
         Potion            |     2 |     1 ||     3
 Armour: Robe              |     6 |     6 ||    12
  Dodge: Dodged            |    22 |    47 ||    69

Table legend:
 A = Non-vault XP
 B = Vault XP
 C = Vault XP percentage of total XP
 D = Non-vault monster count
 E = Vault monster count
 F = Vault count percentage of total count
                 A         B        C        D         E       F
            +---------+---------+-------+---------+---------+-------
      Total |     453 |      35 |   7.2 |      86 |       1 |   1.1
            +---------+---------+-------+---------+---------+-------
        D:1 |      55 |       0 |   0.0 |      32 |       0 |   0.0
        D:2 |      61 |       0 |   0.0 |      26 |       0 |   0.0
        D:3 |     165 |       0 |   0.0 |      12 |       0 |   0.0
        D:4 |     172 |      35 |  16.9 |      16 |       1 |   5.9
            +---------+---------+-------+---------+---------+-------
